 Dungeon Crawl Stone Soup version 0.31-a0-246-g8cbcc1cb85 (webtiles) character file.

Game seed: 6000176085297303948

9375 Anon1729 the Fighter (level 11, -4/104 HPs)
             Began as a Minotaur Monk on July 12, 2023.
             Was a Believer of Uskayaw.
             Slain by Jorgrun
             ... wielding a +0 heavy quarterstaff
              (21 damage)
             ... on level 13 of the Dungeon.
             The game lasted 00:08:06 (10793 turns).

Anon1729 the Fighter (Minotaur Monk)               Turns: 10793, Time: 00:08:06

Health: -4/104     AC: 17    Str: 20    XL:     11   Next: 22%
Magic:  13/13      EV: 10    Int:  7    God:    Uskayaw [**....]
Gold:   687        SH:  5    Dex: 16    Spells: 10/10 levels left

rFire   . . .        Y - +7 sceptre of Torment {pain, torment}
rCold   + . .        d - orb {light}
rNeg    . . .        S - +5 chain mail of the Apple {Harm Rampage rPois Str+3}
rPois   +            g - +0 hat
rElec   .            (no cloak)
rCorr   .            s - +0 pair of gloves
SInv    +            t - +0 pair of boots
Will    .....        I - amulet of reflection Stlth
                     m - ring of protection from cold
HPRegen 0.37/turn    J - ring of see invisible
MPRegen 0.13/turn

%: harm (+30% outgoing, +20% incoming), reflection, rampage
@: grasped by roots, slowed, glowing, constricted, very slow
A: horns 2, retaliatory headbutt
a: Renounce Religion, Stomp, Line Pass


You were on level 13 of the Dungeon.
You worshipped Uskayaw.
Uskayaw was noncommittal.
You visited 1 branch of the dungeon, and saw 12 of its levels.
You also visited: Ossuary and Bailey.

You collected 687 gold pieces.

Inventory:

Hand Weapons
 Q - a +4 short sword of venom
 Y - the +7 sceptre of Torment (weapon) {pain, torment}
   (You found it in a bailey)
Missiles
 a - 13 atropa-tipped darts
 T - a throwing net
 Z - 13 curare-tipped darts
Armour
 b - a +0 robe
 d - an orb of light (worn)
 g - a +0 hat (worn)
 k - a +0 chain mail
 s - a +0 pair of gloves (worn)
 t - a +0 pair of boots (worn)
 P - +0 steam dragon scales
 S - the +5 chain mail of the Apple (worn) {Harm Rampage rPois Str+3}
   (You found it on level 9 of the Dungeon)

   Str:       It affects your strength (+3).
   rPois:     It protects you from poison.
   Harm:      It increases damage dealt and taken.
   Rampage:   It bestows one free step when moving towards enemies.
Jewellery
 m - a ring of protection from cold (left hand)
 B - a ring of flight
 I - an amulet of reflection (around neck)
 J - a ring of see invisible (right hand)
 L - a ring of fire
 M - a +6 ring of intelligence
 U - a ring of magical power
 W - a +5 ring of evasion
 X - a ring of resist corrosion
Wands
 u - a wand of digging (7)
 w - a wand of mindburst (13)
 y - a wand of paralysis (19)
 A - a wand of iceblast (6)
Scrolls
 e - 12 scrolls of teleportation
 f - 5 scrolls of enchant armour
 j - a scroll of immolation
 n - 2 scrolls of enchant weapon
 p - 3 scrolls of blinking
 q - 2 scrolls of amnesia
 r - a scroll of identify
 x - a scroll of acquirement {unknown}
 C - a scroll of poison
 D - 2 scrolls of brand weapon
 F - 2 scrolls of fog
 K - a scroll of revelation
 V - a scroll of vulnerability
Potions
 c - a potion of ambrosia
 h - a potion of might {unknown}
 i - 3 potions of heal wounds
 l - 5 potions of curing
 o - 3 potions of attraction {unknown}
 v - a potion of cancellation {unknown}
 z - a potion of enlightenment {unknown}
 E - 2 potions of invisibility {unknown}
 G - 3 potions of degeneration {unknown}
 H - 2 potions of magic {unknown}
 N - a potion of haste {unknown}
 O - a potion of resistance {unknown}


   Skills:
 + Level 11.9 Fighting
 - Level 8.1(9.3) Short Blades
 + Level 7.6(9.6) Long Blades
 + Level 1.2 Maces & Flails
 + Level 5.1 Armour
 + Level 10.8 Dodging
 * Level 4.5 Invocations


You had 10 spell levels left.
You didn't know any spells.
Your spell library contained the following spells:

 Spells                   Type           Power      Damage    Failure   Level
 Magic Dart               Conj           0%         1d3       97%         1
 Call Imp                 Summ           0%         N/A       99%         2
 Cigotuvi's Dreadful Rot  Necr/Pois/Air  0%         N/A       99%         2
 Gell's Gravitas          Tloc           0%         N/A       100%        3
 Ignite Poison            Fire/Tmut/Pois 0%         N/A       100%        3
 Mephitic Cloud           Conj/Pois/Air  0%         N/A       100%        3
 Teleport Other           Tloc           0%         N/A       100%        3
 Dispel Undead            Necr           0%         3d6       100%        4
 Fireball                 Conj/Fire      0%         3d3       100%        5
 Freezing Cloud           Conj/Ice/Air   0%         6-21      100%        5
 Iskenderun's Battlesphe  Conj           0%         2d6       100%        5
 Conjure Ball Lightning   Conj/Air       0%         3x3d6     100%        6
 Death Channel            Necr           0%         N/A       100%        6
 Dispersal                Tloc           0%         N/A       100%        6
 Orb of Destruction       Conj           0%         9d5       100%        7
 Chain Lightning          Conj/Air       0%         N/A       100%        9
 Fire Storm               Conj/Fire      0%         5d1       100%        9
 Shatter                  Erth           0%         3d5*      100%        9


Dungeon Overview and Level Annotations

Branches:
Dungeon (11/15)            Temple (0/1) D:6             Orc (0/2) D:9
Ossuary (visited)          Bailey (visited)
   Lair: D:8-11

Altars:
Dithmenos
Elyvilon
Nemelex Xobeh
Uskayaw

Shops:
D:7 [(:=(

Annotations:
D:13 Jorgrun


Innate Abilities, Weirdness & Mutations

You have a pair of horns on your head.
You reflexively headbutt those who attack you in melee.


Message History

Jorgrun hits you but does no damage. The grasping roots constrict you.
The wraith hits you! The centaur hits you.
The centaur kicks you but does no damage.
You turn to flesh and can move again.
Unknown command.
Unknown command.
Okay, then.
You puncture the centaur!
The centaur convulses! x3; Jorgrun convulses!
The centaur convulses!
The green ugly thing convulses!
You headbutt the centaur.
You kill the centaur!
The centaur barely misses you. The centaur closely misses you.
The centaur hits you.
The centaur kicks you but does no damage.
The centaur hits you but does no damage.
The centaur barely misses you.
The centaur hits you but does no damage.
The centaur barely misses you. The wraith hits you.
The wraith drains your vigour!
You feel yourself slow down.
A gargoyle comes into view. It is wielding a +0 mace.
The centaur barely misses you. The centaur closely misses you. x3
You can now pass through a line of other dancers.
You sock Jorgrun! You headbutt Jorgrun.
Jorgrun is almost dead.
The centaur hits you but does no damage.
The centaur kicks you but does no damage.
The centaur closely misses you. You furiously retaliate!
You headbutt the centaur!
You kill the centaur!
The centaur hits you but does no damage.
The centaur kicks you but does no damage.
Jorgrun hits you but does no damage. The grasping roots constrict you!
* * * LOW HITPOINT WARNING * * *
The centaur hits you.
* * * LOW HITPOINT WARNING * * *
The centaur barely misses you. You block the wraith's attack.
The centaur hits you but does no damage.
The centaur closely misses you. The wraith barely misses you.
Jorgrun hits you with a +0 heavy quarterstaff!!
You die...

.....##.# .. ## #
#....# .9. ...# ##.
##...#
..#######..###.###..#..
#.......#.....#...####
#.......#####...###
#...c...##.##.....#
#...Wu).......###.#
#....@)...##### ..#
#...$cg...# ..#
#..........# #...
#............ ...
#.......##### ..
######.## .# .#


You could see Jorgrun, a green ugly thing, a wraith, a gargoyle and 2 centaurs.

Vanquished Creatures
  A cyclops (D:11)
  A guardian serpent (D:11)
  Maurice (D:9)
  Joseph (D:7)
  A komodo dragon (D:10)
  A kobold demonologist (D:10)
  2 trolls
  The ghost of Nevets123 the Sneak, an amateur KoBr (D:5)
  A shadow (D:10)
  2 wraiths
  2 wyverns
  3 steam dragons
  2 vampire mosquitoes (D:8)
  A water moccasin (D:5)
  10 orc warriors
  2 sky beasts
  An ogre (D:4)
  A black bear (D:5)
  4 ice beasts
  3 centaurs
  14 kobold brigands
  4 gnoll sergeants (D:9)
  5 water moccasin zombies (Ossuary)
  4 wights (D:9)
  12 killer bees
  5 hounds
  A water moccasin simulacrum (D:5)
  6 gnoll boudas
  3 jellies
  6 orc priests
  2 iguanas
  4 orc wizards
  2 mummies (Ossuary)
  A scorpion simulacrum (D:5)
  33 gnolls
  11 adders
  3 hound simulacra (D:5)
  A white imp (D:8)
  2 adder zombies (Ossuary)
  A worm (D:3)
  An adder simulacrum (D:5)
  2 dart slugs (D:2)
  26 orcs
  4 endoplasms
  5 giant cockroaches
  5 gnoll zombies (Ossuary)
  11 goblins
  3 hobgoblins
  6 jackals (D:9)
  5 quokkas
  7 ball pythons
  7 bats
  A frilled lizard (D:2)
  5 hobgoblin zombies (Ossuary)
  28 kobolds
  3 kobold zombies (Ossuary)
  7 orc zombies (Ossuary)
  3 rats
290 creatures vanquished.

Notes
Turn   | Place    | Note
-------+----------+-------------------------------------------
     0 | D:1      | Anon1729 the Minotaur Monk began the quest for the Orb.
     0 | D:1      | Reached XP level 1. HP: 19/19 MP: 0/0
   136 | D:1      | Reached XP level 2. HP: 25/27 MP: 1/1
   147 | D:1      | Reached skill level 4 in Fighting
   697 | D:2      | Reached XP level 3. HP: 33/33 MP: 2/2
   896 | D:2      | Found a hide-covered altar of Uskayaw.
  1214 | D:2      | Became a worshipper of Uskayaw the Reveller
  1214 | D:2      | Reached * piety under Uskayaw
  1778 | D:3      | Reached XP level 4. HP: 41/41 MP: 3/3
  1780 | D:3      | Identified the +7 spear of Fomman {venom, rPois Dex+4}
  2045 | D:4      | Reached ** piety under Uskayaw
  2288 | D:4      | Reached skill level 5 in Fighting
  2288 | D:4      | Reached XP level 5. HP: 45/48 MP: 4/4
  2292 | D:4      | Reached *** piety under Uskayaw
  2336 | D:4      | Found a sand-covered staircase.
  2464 | Ossuary  | Entered an ossuary
  2505 | Ossuary  | Reached **** piety under Uskayaw
  2576 | Ossuary  | Reached skill level 5 in Short Blades
  2576 | Ossuary  | Reached skill level 5 in Dodging
  2576 | Ossuary  | Reached XP level 6. HP: 57/57 MP: 5/5
  2650 | Ossuary  | Reached skill level 6 in Fighting
  2663 | Ossuary  | Reached ***** piety under Uskayaw
  2811 | D:4      | Reached XP level 7. HP: 35/64 MP: 6/6
  3024 | D:5      | Entered Level 5 of the Dungeon
  3247 | D:5      | Found a runed translucent gate.
  3247 | D:5      | Found a runed translucent gate.
  3247 | D:5      | Found a runed translucent gate.
  3273 | D:5      | Reached skill level 7 in Fighting
  3751 | D:5      | Found a white marble altar of Elyvilon.
  3778 | D:5      | Found a shadowy altar of Dithmenos.
  3790 | D:5      | Reached XP level 8. HP: 63/73 MP: 7/7
  4051 | D:5      | Noticed Nevets123's ghost (amateur KoBr)
  4282 | D:5      | Reached skill level 8 in Fighting
  4362 | D:5      | Killed Nevets123's ghost
  4515 | D:6      | Found a hide-covered altar of Uskayaw.
  5108 | D:6      | Found a staircase to the Ecumenical Temple.
  5882 | D:7      | Reached skill level 9 in Fighting
  5887 | D:7      | Reached XP level 9. HP: 75/83 MP: 8/8
  5924 | D:7      | Found Zitafra Pori's Antique Weapon Emporium.
  5932 | D:7      | Found Kehukh's Book Boutique.
  5937 | D:7      | Found Yworrubo's Jewellery Boutique.
  5987 | D:7      | Reached skill level 1 in Long Blades
  6058 | D:7      | Found Pasual's Armour Shoppe.
  6132 | D:7      | Found Zisenitos's Weapon Boutique.
  6391 | D:7      | Noticed Joseph
  6409 | D:7      | Killed Joseph
  6855 | D:7      | Reached skill level 10 in Fighting
  7040 | D:8      | Noticed a troll
  7049 | D:8      | Killed a troll
  7248 | D:8      | Reached skill level 5 in Long Blades
  7394 | D:8      | Reached XP level 10. HP: 51/94 MP: 9/9
  7978 | D:9      | Reached skill level 1 in Armour
  8019 | D:9      | Identified the +5 chain mail of the Apple {Harm Rampage
                  | rPois Str+3}
  8043 | D:9      | Reached skill level 1 in Invocations
  8262 | D:9      | Found a flagged portal.
  8376 | D:9      | Reached skill level 11 in Fighting
  8381 | D:9      | Reached skill level 10 in Dodging
  8398 | D:9      | Reached ****** piety under Uskayaw
  8443 | Bailey   | Entered a bailey
  8581 | Bailey   | Identified the +1 leather armour of Nedu {+Blink Fly rPois
                  | Will-}
  8585 | Bailey   | Found the +7 sceptre of Torment {pain, torment}
  8585 | Bailey   | Found a burning altar of Makhleb.
  9134 | D:9      | Found a sparkling altar of Nemelex Xobeh.
  9143 | D:9      | Noticed Maurice
  9147 | D:9      | Found a staircase to the Orcish Mines.
  9149 | D:9      | Killed Maurice
  9549 | D:10     | Entered Level 10 of the Dungeon
  9613 | D:10     | Identified the +0 whip of Experimentation {protect, rElec
                  | rF+ rC+}
  9649 | D:10     | Reached XP level 11. HP: 51/104 MP: 12/12
 10012 | D:10     | Identified the +8 short sword of the King {antimagic, rC+
                  | rN+ Will+}
 10513 | D:11     | Reached skill level 5 in Armour
 10519 | D:11     | Reached skill level 1 in Maces & Flails
 10731 | D:11     | You fall into a shaft and drop 2 floors!
 10780 | D:13     | Noticed Jorgrun
 10787 | D:13     | Noticed a green ugly thing
 10793 | D:13     | Slain by Jorgrun

Illustrated notes

Levels and vault maps discovered:
D:1:      spicycebolla_green_bress_n_ham, layout_rooms
D:2:      layout_basic, basic_altar
D:3:      layout_loops_cross, serial_bayou_pond_c
D:4:      layout_loops_ring, nicolae_ossuary_entry_false_entrances
D:5:      layout_loops_ring, mainiacjoe_overflow_two_lobes, gammafunk_ghost_icy
D:6:      layout_layer_cave, mainiacjoe_overflow_six_doors_small, temple_green
D:7:      layout_basic, serial_shops, nicolae_shop_just_a_little_nook,
          kennysheep_mini, shop, shop, shop, uniq_joseph
D:8:      layout_cave_pools
D:9:      layout_cave_pools, nemelex_xobeh_ov_fountains_minmay, orc_0_dummy,
          enter_bailey_4, serial_gnoll_camp, gnoll_camp_mini_house,
          gnoll_camp_medium_02, gnoll_camp_huts_basic, gnoll_camp_mini_hut,
          minmay_fractal_squares_diagonal_5, uniq_maurice
D:10:     layout_basic, chequers_hall_statues_y, hangedman_abyss_or_decor_stabs
D:11:     layout_irregular_city, lair_entry_dummy, nrook_guardian_serpent_double
D:13:     layout_rooms, david_vaults_3, muffindrake_ghost_dual_entry,
          uniq_jorgrun

Skill      XL: |  1  2  3  4  5  6  7  8  9 10 11 |
---------------+----------------------------------+-----
Fighting       | 4 5 6 7 9 10 11 | 11.9
Short Blades   | 4 5 6 8 |  8.1
Dodging        | 4 5 6 8 9 10 | 10.8
Long Blades    | 5 7 |  7.6
Armour         | 4 5 |  5.1
Invocations    | 3 4 |  4.5
Maces & Flails | 1 |  1.2

Action                     |  1- 3 |  4- 6 |  7- 9 | 10-12 || total
---------------------------+-------+-------+-------+-------++-------
  Melee: Short sword       |    88 |   138 |   317 |   212 ||   755
         Headbutt          |    17 |    38 |    84 |    75 ||   214
         Eveningstar       |       |       |       |    46 ||    46
 Invoke: Line Pass         |       |       |       |     1 ||     1
    Use: Scroll            |       |     6 |       |    10 ||    16
   Stab: Paralysed         |       |     9 |    18 |    25 ||    52
         Confused          |       |       |       |     1 ||     1
 Armour: Robe              |     5 |       |       |       ||     5
         Chain mail        |    28 |    61 |   109 |   151 ||   349
         Steam dragon scal |       |       |       |     1 ||     1
  Dodge: Dodged            |    51 |    38 |   103 |   136 ||   328
  Block: Orb               |       |       |    30 |    65 ||    95
         Reflection        |       |       |     1 |    10 ||    11

Table legend: (Time is in decaauts)
 A = Elapsed time spent in this place.
 B = Non-inter-level travel time spent in this place.
 C = Inter-level travel time spent in this place.
 D = Time resting spent in this place.
 E = Time spent auto-exploring this place.
 F = Levels seen in this place.
 G = Mean time per level.
                   A        B        C        D        E       F      G
               +--------+--------+--------+--------+--------+-----+--------+
         Total |  10566 |  10032 |    534 |    698 |   7961 |  14 |  754.7 |
       Dungeon |   9937 |   9403 |    534 |    698 |   7557 |  12 |  828.1 |
       Ossuary |    264 |    264 |      0 |      0 |    164 |   1 |  264.0 |
        Bailey |    364 |    364 |      0 |      0 |    240 |   1 |  364.0 |
               +--------+--------+--------+--------+--------+-----+--------+

Top non-repeatable levels by time:
     D:6: 1402 daAuts
     D:5: 1379 daAuts
     D:7: 1222 daAuts
     D:9: 1151 daAuts
    D:10: 839 daAuts
     D:4: 802 daAuts
     D:8: 798 daAuts
     D:2: 721 daAuts
     D:3: 627 daAuts
     D:1: 565 daAuts
  Bailey: 364 daAuts
    D:11: 363 daAuts
 Ossuary: 264 daAuts
    D:13: 63 daAuts
